 Dungeon Crawl Stone Soup version 0.28-a0-1356-g2ad6d04315 (webtiles) character file.

Game seed: 9491142985152757358

63623 rocketpapaya the Fetichist (level 14, 0/71 (80) HPs)
             Began as a Deep Elf Conjurer on Dec 31, 2021.
             Was a High Priest of Vehumet.
             Killed from afar by Josephine (27 damage)
             ... with a ghostly fireball
             ... on level 6 of the Lair of Beasts.
             The game lasted 01:41:40 (19525 turns).

rocketpapaya the Fetichist (Deep Elf Conjurer)     Turns: 19525, Time: 01:41:43

HP:   0/71 (80)     AC:  8    Str:  4    XL:     14   Next: 68%
MP:   17/32         EV: 12    Int: 29    God:    Vehumet [*****.]
Gold: 485           SH:  0    Dex: 13    Spells: 10/37 levels left

rFire   + . .      SeeInvis +   h - staff of poison
rCold   + . .      Faith    .   (no shield)
rNeg    . . .      Spirit   .   r - +2 robe {Will+}
rPois   +          Reflect  .   C - +0 helmet
rElec   .          Harm     .   (no cloak)
rCorr   .          Rampage  .   (no gloves)
Will    +++..                   Q - +2 pair of boots of Quhug {Regen+}
Stlth   ++........              P - amulet of magic regeneration
HPRegen 1.01/turn               l - ring of wizardry
MPRegen 0.63/turn               N - ring of Yfeedwewy {rF+ rC+ Will+ Slay+3 SInv}

@: heavily drained
A: no striking features
a: Renounce Religion


You were on level 6 of the Lair of Beasts.
You worshipped Vehumet.
Vehumet was extremely pleased with you.
You visited 4 branches of the dungeon, and saw 18 of its levels.
You also visited: Ossuary and Gauntlet.

You collected 876 gold pieces.
You spent 391 gold pieces at shops.

Inventory:

Hand Weapons
 z - a +4 short sword of electrocution
 D - a +2 antimagic mace
Missiles
 A - a curare-tipped dart
Armour
 r - a +2 robe of willpower (worn)
 C - a +0 helmet (worn)
 Q - the +2 pair of boots of Quhug (worn) {Regen+}
   (You found it in a Gauntlet)

   Regen:     It increases your rate of health regeneration.
Magical Staves
 h - a staff of poison (weapon)
Jewellery
 l - a ring of wizardry (left hand)
 u - a ring of resist corrosion
 v - a ring of ice
 N - the ring of Yfeedwewy (right hand) {rF+ rC+ Will+ Slay+3 SInv}
   (You took it off a minotaur in a Gauntlet)

   [ring of willpower]

   Slay:      It affects your accuracy & damage with ranged weapons and melee
   (+3).
   rF:        It protects you from fire.
   rC:        It protects you from cold.
   SInv:      It lets you see invisible.
   Will:      It increases your willpower.
 P - an amulet of magic regeneration (around neck)
Wands
 j - a wand of flame (31)
 k - a wand of digging (3)
 y - a wand of mindburst (6)
 B - a wand of acid (11)
 O - a wand of iceblast (5)
Scrolls
 b - 4 scrolls of magic mapping
 d - 4 scrolls of fog
 e - 7 scrolls of amnesia
 g - 3 scrolls of immolation
 i - 5 scrolls of enchant weapon
 m - 2 scrolls of brand weapon
 n - 4 scrolls of identify
 o - a scroll of holy word
 p - 7 scrolls of teleportation
 q - 3 scrolls of enchant armour
 x - a scroll of torment
 E - 2 scrolls of vulnerability
 I - 2 scrolls of blinking
 K - a scroll of fear
Potions
 c - 3 potions of might
 f - 5 potions of curing
 s - 2 potions of lignification
 t - 3 potions of magic
 w - 3 potions of flight
 F - 2 potions of brilliance
 H - 2 potions of invisibility
 J - a potion of ambrosia
 M - 2 potions of haste
Miscellaneous
 G - a box of beasts (inert)


   Skills:
 - Level 6.4 Fighting
 - Level 2.4 Dodging
 - Level 2.4 Stealth
 - Level 12.0 Spellcasting
 - Level 10.5 Conjurations
 - Level 13.4 Hexes
 - Level 10.1 Translocations
 - Level 4.3 Fire Magic
 - Level 6.3 Poison Magic
 + Level 16.0 Evocations


You had 10 spell levels left.
You knew the following spells:

 Your Spells              Type           Power      Damage    Failure   Level
a - Magic Dart            Conj           100%       1d8       1%          1
b - Searing Ray           Conj           100%       2d8       1%          2
c - Fulminant Prism       Conj/Hex       36%        3d18      1%          4
d - Iskenderun's Mystic   Conj/Tloc      67%        2d14      1%          4
e - Poisonous Vapours     Pois/Air       100%       N/A       1%          2
f - Olgreb's Toxic Radia  Pois           69%        N/A       1%          4
g - Gell's Gravitas       Tloc           66%        N/A       1%          3
h - Mephitic Cloud        Conj/Pois/Air  66%        N/A       1%          3
i - Sticky Flame          Conj/Fire      57%        2d7       1%          4

Your spell library contained the following spells:

 Spells                   Type           Power      Damage    Failure   Level
 Freezing Cloud           Conj/Ice/Air   18%        6-21      2%          5
 Animate Skeleton         Necr           34%        N/A       1%          1
 Pain                     Necr           68%        1d7       1%          1
 Sting                    Tmut/Pois      100%       1d8       1%          1
 Dazzling Flash           Conj/Hex       100%       N/A       1%          3
 Teleport Other           Tloc           66%        N/A       1%          3
 Leda's Liquefaction      Hex/Erth       27%        N/A       1%          4
 Silence                  Hex/Air        27%        N/A       2%          5
 Vampiric Draining        Necr           17%        2d7       3%          3
 Dispersal                Tloc           33%        N/A       3%          6
 Lee's Rapid Deconstruct  Erth           8%         3d8*      10%         5
 Agony                    Necr           17%        N/A       32%         5
 Statue Form              Tmut/Erth      11%        N/A       86%         6


Dungeon Overview and Level Annotations

Branches:
Dungeon (10/15)            Temple (1/1) D:5            Lair (6/6) D:8
 Shoals (0/4) Lair:4       Spider (1/4) Lair:3        Slime (0/5) Lair:5
Ossuary (visited)         Gauntlet (visited)
    Orc: D:9-12

Altars:
Ashenzari
Cheibriados
Dithmenos
Elyvilon
Fedhas
Gozag
Hepliaklqana
Kikubaaqudgha
Makhleb
Nemelex Xobeh
Okawaru
Qazlal
Ru
Sif Muna
Trog
Uskayaw
Vehumet
Wu Jian
Xom
Yredelemnul
The Shining One

Shops:
D:5 ?   D:6 *   D:8 ?

Annotations:
D:9 2 transporters, freelancePsychic's ghost, novice DsWn
Lair:2 1 runed translucent door, Strewth's ghost, journeyman MiBe
Lair:5 2 transporters, Etewkasm's ghost, journeyman TrMo
Lair:6 Josephine


Message History

The six-headed hydra is severely wounded.
The blink frog collides with Josephine!
Josephine is heavily wounded.
The blink frog is heavily wounded.
The six-headed hydra burns!
The six-headed hydra closely misses you.
The six-headed hydra bites you but does no damage.
The six-headed hydra bites you!
The six-headed hydra completely misses you.
The six-headed hydra bites you.
* * * LOW HITPOINT WARNING * * *
The six-headed hydra bites you.
* * * LOW HITPOINT WARNING * * *
The blink frog hits you!
* * * LOW HITPOINT WARNING * * *
The blink frog blinks!
An elephant comes into view.
You feel much better.
The six-headed hydra burns!
Your mature oxbat beast barely misses the six-headed hydra.
Your mature oxbat beast tramples the six-headed hydra!
The six-headed hydra holds its ground!
The six-headed hydra dies!
Vehumet accepts your kill.
Vehumet offers you knowledge of Freezing Cloud.
Josephine hits you with a +0 dagger.
Your Evocations skill increases to level 16!
Casting: Gell's Gravitas (safe; 1% risk of failure)
Confirm with . or Enter, or press ? or * to list all spells.
Aiming: Sticky Flame (safe; 1% risk of failure)
Press: ? - help, Shift-Dir - straight line, f/p - Josephine
Aim: Josephine, wielding a +0 dagger and wearing a +2 robe of resistance (heavily wounded, ally target, 100% to hit)
The sticky flame hits Josephine.
Josephine resists.
Josephine is severely wounded.
Josephine is covered in liquid flames!
Josephine burns!
Your mature oxbat beast hits Josephine.
Your mature oxbat beast tramples Josephine!
Josephine stumbles backwards!
Josephine gestures at you while chanting.
The ghostly flame explodes!
The ghostly fireball engulfs you!!
You feel drained.
You die...

#..#.........## ##
#.............#..#.
#...[............# ###
#...............#.
≈≈≈.#.##....#.........
≈≈≈≈#..##...#..F......
≈P≈.....#....†......##
≈≈≈≈.....†.†H@.......#
≈≈≈≈.....#†@......$..#
≈≈≈≈.......#.#........
≈≈≈≈....#..##.#P..#P.#
≈≈≈≈≈..†.....#######..
≈≈≈≈..........#
≈≈≈...........#
≈≈≈.≈..P####....
≈≈≈≈...## ##.#.
≈..P≈#. #.


You could see Josephine (burning, ally target), a blink frog and a friendly
mature oxbat beast (summoned).

Vanquished Creatures
  Kirke (Lair:4)
  A minotaur (Gauntlet)
  Erolcha (D:9)
  4 hydras
  A death knight (D:8)
  An orb spider (Spider:1)
  A sixfirhy (Gauntlet)
  A goliath frog (Lair:6)
  A steelbarb worm (Spider:1)
  Pikel (D:4)
  3 wolf spiders (Spider:1)
  A cyclops (D:8)
  A moth of wrath (Gauntlet)
  7 black mambas
  11 elephants (Lair:6)
  21 cane toads
  A gargoyle (D:8)
  A demonic crawler (Spider:1)
  12 komodo dragons
  2 rime drakes
  2 polar bears
  2 hornets (Gauntlet)
  A troll (D:8)
  2 tarantellas (Spider:1)
  8 blink frogs (Lair:6)
  10 dream sheep
  2 jumping spiders (Spider:1)
  3 culicivoras (Spider:1)
  4 wyverns
  6 wraiths
  3 basilisks
  32 yaks
  2 steam dragons
  4 hogs (Lair:4)
  12 redbacks
  5 vampire mosquitoes
  14 water moccasins
  A sky beast (D:6)
  3 black bears
  5 orc warriors
  An ice beast (D:5)
  13 wolves
  4 ogres
  8 centaurs
  A lemure (D:4)
  3 kobold brigands
  3 elf zombies (Ossuary)
  2 gnoll sergeants (D:8)
  Blork the orc (D:6)
  18 bullfrogs
  4 scorpions
  A wyvern zombie (D:6)
  3 wyvern skeletons (D:6)
  8 wights (D:8)
  17 killer bees
  15 jellies
  6 electric eels
  2 howler monkeys
  4 lava snakes (Lair:5)
  A bullfrog skeleton (D:4)
  11 hounds
  2 orc priests (D:9)
  2 centaur skeletons
  4 centaur zombies
  3 human zombies (Ossuary)
  3 iguanas
  Terence (D:1)
  4 orc wizards
  A hound skeleton (D:4)
  3 mummies
  10 gnolls
  A howler monkey skeleton (D:5)
  6 adders
  5 white imps
  5 ufetubi
  An adder zombie (Ossuary)
  An adder skeleton (D:4)
  A worm (D:3)
  6 dart slugs
  23 orcs
  3 endoplasms
  2 giant cockroaches (D:1)
  5 goblins
  6 hobgoblins
  2 quokkas (D:2)
  7 ball pythons
  A bat (D:1)
  A frilled lizard (D:3)
  A goblin zombie (Ossuary)
  10 hobgoblin zombies (Ossuary)
  20 kobolds
  12 kobold zombies (Ossuary)
  6 orc zombies
  7 rats
485 creatures vanquished.

Vanquished Creatures (collateral kills)
  A hydra (Lair:6)
1 creature vanquished.

Vanquished Creatures (others)
  A kobold (D:8)
  188 fulminant prisms
  97 fungi
  182 plants
468 creatures vanquished.

Grand Total: 954 creatures vanquished

Notes
Turn   | Place    | Note
-------+----------+-------------------------------------------
     0 | D:1      | rocketpapaya the Deep Elf Conjurer began the quest for the
                  | Orb.
     0 | D:1      | Reached XP level 1. HP: 10/10 MP: 6/6
   121 | D:1      | Found a faded altar of an unknown god.
   419 | D:1      | Reached XP level 2. HP: 15/15 MP: 2/8
   422 | D:1      | Learned a level 2 spell: Searing Ray
   926 | D:2      | Noticed Terence
   968 | D:1      | Killed Terence
   969 | D:1      | Reached skill level 5 in Conjurations
   969 | D:1      | Reached XP level 3. HP: 8/19 MP: 4/10
  1691 | D:2      | Reached XP level 4. HP: 24/24 MP: 6/12
  1697 | D:2      | Learned a level 4 spell: Fulminant Prism
  1702 | D:2      | Learned a level 4 spell: Iskenderun's Mystic Blast
  2381 | D:3      | Reached skill level 5 in Spellcasting
  2384 | D:3      | Learned a level 2 spell: Poisonous Vapours
  2761 | D:4      | Reached XP level 5. HP: 28/28 MP: 10/14
  2764 | D:4      | Reached skill level 1 in Hexes
  2770 | D:4      | Noticed an ogre
  2843 | D:4      | Noticed a lemure
  2843 | D:4      | Noticed a lemure
  2845 | D:4      | Noticed a lemure
  2845 | D:4      | Noticed a lemure
  2846 | D:4      | Noticed Pikel
  2865 | D:4      | Killed a lemure
  2885 | D:4      | Killed Pikel
  2886 | D:4      | Reached XP level 6. HP: 32/32 MP: 0/15
  2886 | D:4      | Reached XP level 7. HP: 36/36 MP: 0/16
  3035 | D:4      | Found a sand-covered staircase.
  3045 | Ossuary  | Entered an ossuary
  3225 | Ossuary  | Reached skill level 1 in Translocations
  3503 | Ossuary  | Reached skill level 5 in Translocations
  3503 | Ossuary  | Reached XP level 8. HP: 35/41 MP: 3/17
  3685 | D:4      | Reached skill level 1 in Fighting
  4223 | D:5      | Entered Level 5 of the Dungeon
  4231 | D:5      | Found a staircase to the Ecumenical Temple.
  4257 | Temple   | Entered the Ecumenical Temple
  4422 | Temple   | Became a worshipper of Vehumet
  4515 | D:5      | Found an opulent altar of Gozag.
  4623 | D:5      | Found Faom's Magic Scroll Emporium.
  4631 | D:5      | Bought a scroll of teleportation for 36 gold pieces
  4631 | D:5      | Bought a scroll of identify for 24 gold pieces
  4631 | D:5      | Bought a scroll of identify for 24 gold pieces
  4804 | D:5      | Learned a level 4 spell: Olgreb's Toxic Radiance
  5302 | D:6      | Found Dedo's Assorted Antiques.
  5404 | D:6      | Reached skill level 5 in Poison Magic
  5509 | D:6      | Reached XP level 9. HP: 19/50 MP: 2/18
  5747 | D:6      | Bought a scroll of identify for 48 gold pieces
  5747 | D:6      | Bought a fizzy red potion for 21 gold pieces
  5747 | D:6      | Bought a sedimented red potion for 21 gold pieces
  5747 | D:6      | Bought a potion of heal wounds for 120 gold pieces
  5896 | D:6      | Reached * piety under Vehumet
  5896 | D:6      | Offered knowledge of Shock by Vehumet.
  5901 | D:6      | Learned a level 3 spell: Gell's Gravitas
  6193 | D:6      | Noticed Blork the orc
  6671 | D:6      | Killed Blork the orc
  7224 | D:7      | Found a glowing golden altar of the Shining One.
  7224 | D:7      | Found a stormy altar of Qazlal.
  7225 | D:7      | Found a hazy altar of Hepliaklqana.
  7232 | D:7      | Found a sacrificial altar of Ru.
  7233 | D:7      | Found a shimmering altar of Xom.
  7242 | D:7      | Found a broken altar of Ashenzari.
  7243 | D:7      | Found a shimmering blue altar of Sif Muna.
  7245 | D:7      | Found a basalt altar of Yredelemnul.
  7247 | D:7      | Found a burning altar of Makhleb.
  7249 | D:7      | Found a sparkling altar of Nemelex Xobeh.
  7794 | D:8      | Reached skill level 5 in Fighting
  7803 | D:8      | Reached ** piety under Vehumet
  7813 | D:8      | Offered knowledge of Foxfire by Vehumet.
  7945 | D:8      | Noticed a troll
  7952 | D:8      | Killed a troll
  7953 | D:8      | Reached XP level 10. HP: 53/60 MP: 3/25
  8291 | D:8      | Offered knowledge of Static Discharge by Vehumet.
  8512 | D:8      | Reached *** piety under Vehumet
  8672 | D:8      | Offered knowledge of Mephitic Cloud by Vehumet.
  8680 | D:8      | Learned a level 3 spell: Mephitic Cloud
  8695 | D:8      | Found a staircase to the Lair.
  8935 | D:8      | Found Vefrion's Magic Scroll Shoppe.
  8941 | D:8      | Bought a scroll of enchant armour for 97 gold pieces
  8941 | D:8      | Noticed a death knight
  8955 | D:8      | Killed a death knight
  9157 | D:8      | Noticed a cyclops
  9420 | D:8      | Noticed a gargoyle
  9478 | D:8      | HP: 3/61 [cyclops/large rock (12)]
  9824 | D:8      | Killed a gargoyle
 10050 | D:8      | Killed a cyclops
 10051 | D:8      | Reached skill level 10 in Hexes
 10668 | D:9      | Noticed a brown ugly thing
 10669 | D:9      | Found a transporter.
 10670 | D:9      | Noticed freelancePsychic's ghost (novice DsWn)
 10673 | D:9      | Found a transporter.
 10786 | D:9      | Noticed Erolcha
 10793 | D:9      | Reached **** piety under Vehumet
 10806 | D:9      | Killed Erolcha
 10807 | D:9      | Reached XP level 11. HP: 37/66 MP: 11/26
 10981 | D:9      | Offered knowledge of Sticky Flame by Vehumet.
 11121 | D:9      | Found a hide-covered altar of Uskayaw.
 11528 | D:10     | Entered Level 10 of the Dungeon
 11593 | Lair:1   | Entered Level 1 of the Lair of Beasts
 11952 | Lair:1   | Noticed a six-headed hydra
 11961 | Lair:1   | Killed a six-headed hydra
 12291 | Lair:1   | Reached skill level 10 in Conjurations
 12773 | Lair:1   | Learned a level 4 spell: Sticky Flame
 12911 | Lair:1   | Reached skill level 1 in Fire Magic
 13603 | Lair:2   | Reached ***** piety under Vehumet
 13618 | Lair:2   | Offered knowledge of Yara's Violent Unravelling by Vehumet.
 13787 | Lair:2   | Reached XP level 12. HP: 71/71 MP: 22/27
 14209 | Lair:2   | Found a runed translucent door.
 14209 | Lair:2   | Noticed Strewth's ghost (journeyman MiBe)
 14820 | Lair:3   | Found a gate leading to a gauntlet.
 14861 | Gauntlet | Entered a Gauntlet
 14861 | Gauntlet | Found a transporter.
 14861 | Gauntlet | Found a transporter.
 14865 | Gauntlet | Found a transporter.
 14865 | Gauntlet | Found a transporter.
 14870 | Gauntlet | Noticed a catoblepas
 14872 | Gauntlet | Found a transporter.
 14874 | Gauntlet | Noticed a tengu warrior
 14917 | Gauntlet | Found a transporter.
 14934 | Gauntlet | Found a transporter.
 14946 | Gauntlet | Found a transporter.
 14965 | Gauntlet | Found a transporter.
 15047 | Gauntlet | Found a transporter.
 15057 | Gauntlet | Found a transporter.
 15073 | Gauntlet | Found a transporter.
 15087 | Gauntlet | Found a transporter.
 15089 | Gauntlet | Noticed a catoblepas
 15105 | Gauntlet | Found a transporter.
 15468 | Gauntlet | Reached skill level 8 in Evocations
 15468 | Gauntlet | Reached XP level 13. HP: 75/75 MP: 28/28
 15513 | Gauntlet | Reached skill level 9 in Evocations
 15525 | Gauntlet | Found a transporter.
 15587 | Gauntlet | Found the ring of the Octopus King
 15808 | Gauntlet | Identified the ring of Yfeedwewy {rF+ rC+ Will+ Slay+3
                  | SInv}
 15808 | Gauntlet | Noticed a minotaur
 15815 | Gauntlet | Killed a minotaur
 15816 | Gauntlet | Reached skill level 10 in Translocations
 15828 | Gauntlet | Identified the +2 pair of boots of Quhug {Regen+}
 15955 | Lair:3   | Reached skill level 10 in Spellcasting
 16043 | Lair:3   | Found a hole to the Spider Nest.
 16719 | Spider:1 | Entered Level 1 of the Spider Nest
 16902 | Spider:1 | Reached skill level 10 in Evocations
 16915 | Spider:1 | Noticed a ghost moth
 17065 | Lair:4   | Noticed Kirke
 17070 | Lair:4   | Reached skill level 11 in Evocations
 17073 | Lair:4   | Killed Kirke
 17199 | Lair:4   | Found a staircase to the Shoals.
 17560 | Lair:4   | Reached skill level 12 in Evocations
 17564 | Lair:4   | Reached XP level 14. HP: 80/80 MP: 26/32
 18020 | Lair:5   | Reached skill level 13 in Evocations
 18122 | Lair:5   | Found a staircase to the Slime Pits.
 18488 | Lair:5   | Noticed Etewkasm's ghost (journeyman TrMo)
 18501 | Lair:5   | Found a transporter.
 18531 | Lair:5   | Found a transporter.
 18855 | Lair:6   | Entered Level 6 of the Lair of Beasts
 18925 | Lair:6   | Noticed Josephine
 19035 | Lair:5   | Reached skill level 14 in Evocations
 19270 | Lair:6   | Reached skill level 15 in Evocations
 19524 | Lair:6   | Offered knowledge of Freezing Cloud by Vehumet.
 19525 | Lair:6   | Reached skill level 16 in Evocations
 19525 | Lair:6   | Killed from afar by Josephine

Illustrated notes

Levels and vault maps discovered:
D:1:      ncdulo_smallfort, layout_basic, shapermc_ecumenical_altar_ellora
D:2:      layout_loops_ring, uniq_terence
D:3:      layout_loops_ring
D:4:      layout_basic, nicolae_ossuary_entry_giza, chequers_avenue, uniq_pikel
D:5:      layout_basic, nicolae_gozag_cash_rules_everything_around_me,
          minmay_temple_entry_gardened_gates, serial_shops, shop,
          minmay_liquid_box, minmay_misc_feat_x
D:6:      layout_basic, serial_shops, nicolae_stop_n_shop_2,
          minmay_joined_circles, uniq_blork_the_orc
D:7:      layout_loops_cross, nicolae_overflow_hallway_of_the_gods
D:8:      layout_loops_ring, erik_lair_island, serial_shops,
          nicolae_shop_advertising_works [nicolae_subvault_shop_adworks],
          kb_rosetta
D:9:      layout_irregular_city, mainiacjoe_overflow_paths,
          gammafunk_ghost_arena, uniq_erolcha
D:10:     lemuel_slime, layout_stronghold
Temple:   dpeg_chambers_temple
Lair:1:   layout_long_grid, grunt_megastairs_1, serial_bayou_shore_b
Lair:2:   layout_loops_ring, gammafunk_ghost_grave, lemuel_fruit_tree
Lair:3:   layout_roguey, dummy_spider_entry, gauntlet_entry_generic,
          lemuel_fruit_fields
Lair:4:   layout_loops_ring, minmay_shoals_entry_centaurs,
          chequers_serial_rivers_room_a, uniq_kirke
Lair:5:   hellmonk_warped_wall, layout_cave_pods,
          minmay_slime_entry_jelly_boxes, gammafunk_ghost_berserking_beasts,
          nicolae_lair_liquid_snakes
Lair:6:   minmay_lair_end_frog_pond, layout_loops_ring, serial_bayou_shore_a,
          uniq_josephine
Spider:1: layout_spider_delve

Skill      XL: |  1  2  3  4  5  6  7  8  9 10 11 12 13 14 |
---------------+-------------------------------------------+-----
Spellcasting   | 4 5 9 12 | 12.0
Conjurations   | 5 6 8 10 | 10.5
Hexes          | 8 11 13 | 13.4
Translocations | 5 6 7 9 10 | 10.1
Fighting       | 3 5 6 |  6.4
Poison Magic   | 6 |  6.3
Fire Magic     | 4 |  4.3
Evocations     | 8 12 16 | 16.0
Dodging        | |  2.4
Stealth        | |  2.4

Action                   |  1- 3 |  4- 6 |  7- 9 | 10-12 | 13-15 || total
-------------------------+-------+-------+-------+-------+-------++-------
Melee: Short sword       |     6 |     2 |       |     6 |       ||    14
       Whip              |       |       |   110 |     6 |       ||   116
       Staff             |       |       |       |    15 |    13 ||    28
 Cast: Magic Dart        |    51 |    25 |   106 |    70 |   112 ||   364
       Searing Ray       |     4 |     6 |    37 |    37 |    42 ||   126
       Poisonous Vapours |       |     6 |    25 |    15 |    22 ||    68
       Fulminant Prism   |       |     1 |    28 |    67 |    93 ||   189
       Iskenderun's Myst |       |       |     4 |    29 |    72 ||   105
       Olgreb's Toxic Ra |       |       |     1 |     5 |    14 ||    20
       Gell's Gravitas   |       |       |       |    12 |     5 ||    17
       Sticky Flame      |       |       |       |     2 |    11 ||    13
       Mephitic Cloud    |       |       |       |       |     4 ||     4
Evoke: Wand              |       |       |     1 |     8 |     1 ||    10
       Box of beasts     |       |       |       |       |     2 ||     2
  Use: Potion            |     2 |       |     2 |     4 |     6 ||    14
       Scroll            |       |       |    12 |     9 |     2 ||    23
 Stab: Sleeping          |       |     1 |       |       |       ||     1
Armor: Robe              |     1 |     2 |    40 |    28 |    46 ||   117
       Skin              |     1 |       |       |       |       ||     1
Dodge: Dodged            |    23 |     7 |    93 |    70 |   114 ||   307

Table legend: (Time is in decaauts)
 A = Elapsed time spent in this place.
 B = Non-inter-level travel time spent in this place.
 C = Inter-level travel time spent in this place.
 D = Time resting spent in this place.
 E = Time spent auto-exploring this place.
 F = Levels seen in this place.
 G = Mean time per level.
                   A        B        C        D        E       F      G
               +--------+--------+--------+--------+--------+-----+--------+
         Total |  19554 |  18710 |    844 |   4776 |   9347 |  20 |  977.7 |
       Dungeon |  11611 |  11110 |    501 |   2980 |   6275 |  10 | 1161.1 |
        Temple |    208 |    165 |     43 |      0 |    152 |   1 |  208.0 |
          Lair |   6017 |   5718 |    299 |   1327 |   2880 |   6 | 1002.8 |
   Spider Nest |    167 |    167 |      0 |     10 |      0 |   1 |  167.0 |
       Ossuary |    554 |    554 |      0 |      6 |     40 |   1 |  554.0 |
      Gauntlet |    993 |    993 |      0 |    453 |      0 |   1 |  993.0 |
               +--------+--------+--------+--------+--------+-----+--------+

Top non-repeatable levels by time:
     D:8: 2574 daAuts
     D:7: 1559 daAuts
  Lair:5: 1374 daAuts
  Lair:2: 1344 daAuts
     D:5: 1329 daAuts
     D:6: 1231 daAuts
     D:9: 1223 daAuts
  Lair:1: 1121 daAuts
     D:1: 1098 daAuts
     D:4: 1038 daAuts
  Lair:3: 1024 daAuts
Gauntlet: 993 daAuts
  Lair:4: 888 daAuts
     D:2: 852 daAuts
     D:3: 686 daAuts
